MWL (24 & UNDER)
MANHATTEN MEATHEADS @ ERIE JAXX
09/03/2030
 
TOP OF THE 1ST
Manhatten Meatheads batting - Pitching for Erie Jaxx : RHP Ricardo Córdova
Pitching: RHP Ricardo Córdova
Batting: LHB Wayne Rogers 0-0: Ball
1-0: Foul Ball, location: 2F
1-1: SINGLE (Line Drive, 89M)
Batting: RHB Roberto Rodríguez 0-0: Swinging Strike
0-1: Ball
1-1: Swinging Strike
1-2: Strikes out swinging
Wayne Rogers steals 2nd base
Batter strikes out.
Batting: RHB António Vargas 0-0: Called Strike
0-1: Ground out 6-3 (Groundball, 6)
Wayne Rogers to third
Batting: RHB Ed Gaston 0-0: Called Strike
0-1: Fly out, F9 (Flyball, 9S)
Top of the 1st over - 0 runs, 1 hit, 0 errors, 1 left on base; Manhatten 0 - Erie 0
BOTTOM OF THE 1ST
Erie Jaxx batting - Pitching for Manhatten Meatheads : RHP Ramón Caro
Pitching: RHP Ramón Caro
Batting: LHB Mark Sanders 0-0: Ball
1-0: Ball
2-0: Called Strike
2-1: Ball
3-1: Base on Balls
Batting: LHB Matt Moore 0-0: Ball
1-0: Ball
2-0: Foul Ball, location: 2F
2-1: DOUBLE (Line Drive, 9LS)
Mark Sanders to third
Batting: RHB Shane Marshall 0-0: Called Strike
0-1: Foul Ball, location: 2F
0-2: Ball
1-2: Ball
2-2: Strikes out swinging
Batting: RHB Raoul Alkemade 0-0: Ground out 4-3 (Groundball, 4M)
Mark Sanders scores
Matt Moore to third
Batting: RHB Ronald Hodge 0-0: Called Strike
0-1: Foul Ball, location: 2F
0-2: Ball
1-2: Strikes out swinging
Bottom of the 1st over - 1 run, 1 hit, 0 errors, 1 left on base; Manhatten 0 - Erie 1
TOP OF THE 2ND
Manhatten Meatheads batting - Pitching for Erie Jaxx : RHP Ricardo Córdova
Batting: LHB Brent Haynes 0-0: Ball
1-0: Ball
2-0: Ball
3-0: Base on Balls
Batting: RHB Paul French 0-0: Ball
1-0: Foul Ball, location: 2F
1-1: Swinging Strike
1-2: Strikes out swinging
Batting: RHB Wayne Hanson 0-0: Ball
1-0: Ball
2-0: Ball
3-0: Base on Balls
Brent Haynes to second
Batting: LHB Justin Tubridy 0-0: Ball
1-0: Ball
2-0: Ball
3-0: Foul Ball, location: 2F
3-1: Base on Balls
Brent Haynes to third
Wayne Hanson to second
Batting: RHB Juan Blanco 0-0: Ball
1-0: Called Strike
1-1: Called Strike
1-2: SINGLE (Groundball, 56S) (infield hit)
Brent Haynes scores
Wayne Hanson to third
Justin Tubridy to second
Batting: LHB Wayne Rogers 0-0: Ball
1-0: Called Strike
1-1: Foul Ball, location: 2F
1-2: Fielders Choice at 2nd, 3-6 (Groundball, 3)
Wayne Hanson scores
Justin Tubridy to third
Batting: RHB Roberto Rodríguez 0-0: SINGLE (Line Drive, 89S)
Justin Tubridy scores
Wayne Rogers to second
Runner from 2nd tries for 3rd, SAFE, no throw
Batting: RHB António Vargas 0-0: Ball
Roberto Rodríguez steals 2nd base
1-0: Foul Ball, location: 2F
1-1: Ground out 6-3 (Groundball, 6)
Top of the 2nd over - 3 runs, 2 hits, 0 errors, 2 left on base; Manhatten 3 - Erie 1
BOTTOM OF THE 2ND
Erie Jaxx batting - Pitching for Manhatten Meatheads : RHP Ramón Caro
Batting: RHB Zachary Gadsden 0-0: Ball
1-0: Ball
2-0: Ball
3-0: Base on Balls
Batting: LHB Juan Vásquez 0-0: Ball
1-0: Called Strike
1-1: Swinging Strike
1-2: Strikes out swinging
Batting: SHB José Salazar 0-0: Foul Ball, location: 2F
0-1: DOUBLE (Line Drive, 78D)
Zachary Gadsden to third
Batting: RHB José Hernández 0-0: Foul Ball, location: 2F
0-1: Foul Ball, location: 2F
0-2: Ball
1-2: Ball
2-2: Strikes out swinging
Batting: LHB Mark Sanders 0-0: Hit by Pitch
Batting: LHB Matt Moore 0-0: Ball
1-0: Called Strike
1-1: SINGLE (Groundball, 4MD)
Zachary Gadsden scores
José Salazar to third
Mark Sanders to second
Runner from 3rd tries for Home, SAFE, no throw
Batting: RHB Shane Marshall 0-0: Ball
1-0: Called Strike
1-1: Ball
2-1: Ball
3-1: Base on Balls
Mark Sanders to third
Matt Moore to second
Batting: RHB Raoul Alkemade 0-0: Called Strike
0-1: Fly out, F4 (Popup, 4D)
Bottom of the 2nd over - 2 runs, 2 hits, 0 errors, 3 left on base; Manhatten 3 - Erie 3
TOP OF THE 3RD
Manhatten Meatheads batting - Pitching for Erie Jaxx : RHP Ricardo Córdova
Batting: RHB Ed Gaston 0-0: Called Strike
0-1: Ball
1-1: Ball
2-1: Swinging Strike
2-2: Foul Ball, location: 2F
2-2: Strikes out looking
Batting: LHB Brent Haynes 0-0: Ball
1-0: Ball
2-0: Ball
3-0: Called Strike
3-1: Base on Balls
Batting: RHB Paul French 0-0: Ball
1-0: Ball
2-0: Ball
3-0: Called Strike
3-1: Swinging Strike
3-2: Strikes out swinging
Batting: RHB Wayne Hanson 0-0: Ball
1-0: Ball
2-0: Swinging Strike
2-1: Swinging Strike
2-2: Strikes out swinging
Top of the 3rd over - 0 runs, 0 hits, 0 errors, 1 left on base; Manhatten 3 - Erie 3
BOTTOM OF THE 3RD
Erie Jaxx batting - Pitching for Manhatten Meatheads : RHP Ramón Caro
Batting: RHB Ronald Hodge 0-0: Ball
1-0: Foul Ball, location: 2F
1-1: Foul Ball, location: 2F
1-2: Strikes out looking
Batting: RHB Zachary Gadsden 0-0: Called Strike
0-1: SINGLE (Groundball, 34D)
Batting: LHB Juan Vásquez 0-0: Ball
Wild Pitch!
Zachary Gadsden to second
1-0: Ball
2-0: Called Strike
2-1: Ball
3-1: SINGLE (Groundball, 4MD)
Zachary Gadsden to third
Batting: SHB José Salazar 0-0: Ball
1-0: Called Strike
1-1: Fly out, F9 (Flyball, 89S)
Batting: RHB José Hernández 0-0: SINGLE (Flyball, 8LS)
Zachary Gadsden scores
Juan Vásquez to second
Runner from 2nd tries for 3rd, SAFE, no throw
Batting: LHB Mark Sanders 0-0: Ball
1-0: Ball
2-0: Ball
3-0: Called Strike
3-1: Base on Balls
José Hernández to second
Batting: LHB Matt Moore 0-0: Ball
1-0: Foul Ball, location: 2F
1-1: Called Strike
1-2: Strikes out swinging
Bottom of the 3rd over - 1 run, 3 hits, 0 errors, 3 left on base; Manhatten 3 - Erie 4
TOP OF THE 4TH
Manhatten Meatheads batting - Pitching for Erie Jaxx : RHP Ricardo Córdova
Batting: LHB Justin Tubridy 0-0: Ball
1-0: Swinging Strike
1-1: Swinging Strike
1-2: Ball
2-2: Strikes out looking
Batting: RHB Juan Blanco 0-0: Called Strike
0-1: Swinging Strike
0-2: Foul Ball, location: 2F
0-2: Ball
1-2: Ball
2-2: Foul Ball, location: 2F
2-2: Ball
3-2: Strikes out looking
Batting: LHB Wayne Rogers 0-0: Called Strike
0-1: Ground out 6-3 (Groundball, 6)
Top of the 4th over - 0 runs, 0 hits, 0 errors, 0 left on base; Manhatten 3 - Erie 4
BOTTOM OF THE 4TH
Erie Jaxx batting - Pitching for Manhatten Meatheads : RHP Mauro Ramos
Pitching: RHP Mauro Ramos
Batting: RHB Shane Marshall 0-0: Ball
1-0: Called Strike
1-1: Called Strike
1-2: Foul Ball, location: 2F
1-2: Ball
2-2: SINGLE (Line Drive, 7LS)
Batting: RHB Raoul Alkemade 0-0: Foul Ball, location: 2F
0-1: Swinging Strike
0-2: Ball
1-2: Foul Ball, location: 2F
1-2: Strikes out swinging
Batting: RHB Ronald Hodge 0-0: Called Strike
0-1: Ball
1-1: Swinging Strike
1-2: Ground out 3-1 (Groundball, 34S)
Shane Marshall to second
Batting: RHB Zachary Gadsden 0-0: Ball
1-0: Foul Ball, location: 2F
1-1: Ball
2-1: Ball
3-1: Base on Balls
Batting: LHB Juan Vásquez 0-0: Called Strike
0-1: Foul Ball, location: 2F
0-2: Strikes out swinging
Bottom of the 4th over - 0 runs, 1 hit, 0 errors, 2 left on base; Manhatten 3 - Erie 4
TOP OF THE 5TH
Manhatten Meatheads batting - Pitching for Erie Jaxx : RHP Ricardo Córdova
Batting: RHB Roberto Rodríguez 0-0: Foul Ball, location: 2F
0-1: Ball
1-1: Foul Ball, location: 2F
1-2: Ball
2-2: Ball
3-2: SINGLE (Groundball, 6D)
Batting: RHB António Vargas 0-0: Called Strike
0-1: Ball
1-1: Ball
2-1: Foul Ball, location: 2F
2-2: Grounds into double play, 5-4-3 (Groundball, 5)
Batting: RHB Ed Gaston 0-0: Foul Ball, location: 2F
0-1: Ball
1-1: Swinging Strike
1-2: Ball
2-2: Fly out, F7 (Flyball, 78D)
Top of the 5th over - 0 runs, 1 hit, 0 errors, 0 left on base; Manhatten 3 - Erie 4
BOTTOM OF THE 5TH
Erie Jaxx batting - Pitching for Manhatten Meatheads : RHP Mauro Ramos
Batting: SHB José Salazar 0-0: Ball
1-0: Ball
2-0: Ball
3-0: Called Strike
3-1: Called Strike
3-2: Foul Ball, location: 2F
3-2: Ground out 4-3 (Groundball, 4)
Batting: RHB José Hernández 0-0: Called Strike
0-1: Ball
1-1: Ball
2-1: Fly out, F7 (Flyball, 7D)
Batting: LHB Mark Sanders 0-0: Ground out 5-3 (Groundball, 56S)
Bottom of the 5th over - 0 runs, 0 hits, 0 errors, 0 left on base; Manhatten 3 - Erie 4
TOP OF THE 6TH
Manhatten Meatheads batting - Pitching for Erie Jaxx : RHP Ricardo Córdova
Pitching: RHP Armando Rodríguez
Batting: LHB Brent Haynes 0-0: Called Strike
0-1: Ball
1-1: Swinging Strike
1-2: Foul Ball, location: 2F
1-2: Ball
2-2: Fly out, F5 (Popup, 5F)
Batting: RHB Paul French 0-0: Foul Ball, location: 2F
0-1: Ball
1-1: Ball
2-1: Foul Ball, location: 2F
2-2: Strikes out looking
Batting: RHB Wayne Hanson 0-0: Swinging Strike
0-1: Ball
1-1: Fly out, F9 (Flyball, 9S)
Top of the 6th over - 0 runs, 0 hits, 0 errors, 0 left on base; Manhatten 3 - Erie 4
BOTTOM OF THE 6TH
Erie Jaxx batting - Pitching for Manhatten Meatheads : RHP Mauro Ramos
Batting: LHB Matt Moore 0-0: Ball
1-0: Ball
2-0: Ball
3-0: Base on Balls
Batting: RHB Shane Marshall 0-0: Ball
1-0: Called Strike
1-1: Swinging Strike
1-2: Strikes out swinging
Batting: RHB Raoul Alkemade 0-0: Ball
Matt Moore steals 2nd base
1-0: Ball
2-0: Called Strike
2-1: Fly out, F9 (Flyball, 9S)
Batting: RHB Ronald Hodge 0-0: Ball
1-0: Ground out 6-3 (Groundball, 6)
Bottom of the 6th over - 0 runs, 0 hits, 0 errors, 1 left on base; Manhatten 3 - Erie 4
TOP OF THE 7TH
Manhatten Meatheads batting - Pitching for Erie Jaxx : RHP Armando Rodríguez
Batting: LHB Justin Tubridy 0-0: Foul Ball, location: 2F
0-1: Ball
1-1: Ball
2-1: Ball
3-1: Ground out 4-3 (Groundball, 4)
Batting: RHB Juan Blanco 0-0: Ball
1-0: Foul Ball, location: 2F
1-1: Called Strike
1-2: Strikes out swinging
Batting: LHB Wayne Rogers 0-0: Ball
1-0: Foul Ball, location: 2F
1-1: Fly out, F7 (Flyball, 7)
Top of the 7th over - 0 runs, 0 hits, 0 errors, 0 left on base; Manhatten 3 - Erie 4
BOTTOM OF THE 7TH
Erie Jaxx batting - Pitching for Manhatten Meatheads : RHP Mauro Ramos
Batting: RHB Zachary Gadsden 0-0: Ball
1-0: Ball
2-0: Called Strike
2-1: SOLO HOME RUN (Flyball, 7D), Distance : 361 ft
Pitching: LHP Gustavo Sánchez
Batting: LHB Juan Vásquez 0-0: Called Strike
0-1: Ball
1-1: Called Strike
1-2: Ball
2-2: Ball
3-2: SINGLE (Groundball, 6MD)
Pitching: RHP Carlos Castro
Batting: SHB José Salazar 0-0: Ball
Juan Vásquez steals 2nd base
1-0: Intentional Walk
Batting: RHB José Hernández 0-0: Foul Ball, location: 2F
0-1: Ball
1-1: Foul Ball, location: 2F
1-2: Strikes out swinging
Pinch Hitting: LHB Kyle Robbins 0-0: Ball
1-0: Foul Ball, location: 2F
1-1: Ball
2-1: Ball
3-1: Fielders Choice at 2nd, 4-6 (Groundball, 4)
Juan Vásquez to third
Batting: LHB Matt Moore 0-0: Called Strike
0-1: Ball
1-1: Foul Ball, location: 2F
1-2: Ball
2-2: Strikes out swinging
Bottom of the 7th over - 1 run, 2 hits, 0 errors, 2 left on base; Manhatten 3 - Erie 5
TOP OF THE 8TH
Manhatten Meatheads batting - Pitching for Erie Jaxx : RHP Armando Rodríguez
Now at 2B: Kyle Robbins
Batting: RHB Roberto Rodríguez 0-0: Ground out 5-3 (Groundball, 5L)
Batting: RHB António Vargas 0-0: Ball
1-0: Foul Ball, location: 2F
1-1: Ball
2-1: Foul Ball, location: 2F
2-2: Fly out, F7 (Flyball, 78M)
Batting: RHB Ed Gaston 0-0: Ball
1-0: Fly out, F7 (Flyball, 78D)
Top of the 8th over - 0 runs, 0 hits, 0 errors, 0 left on base; Manhatten 3 - Erie 5
BOTTOM OF THE 8TH
Erie Jaxx batting - Pitching for Manhatten Meatheads : RHP Carlos Castro
Batting: RHB Shane Marshall 0-0: Called Strike
0-1: Ball
1-1: SINGLE (Groundball, 34S) (infield hit)
Batting: RHB Raoul Alkemade 0-0: Swinging Strike
0-1: Called Strike
0-2: Ball
1-2: Ball
2-2: SINGLE (Line Drive, 6MD)
Shane Marshall to second
Batting: RHB Ronald Hodge 0-0: Called Strike
Shane Marshall steals 3rd base
0-1: Ball
1-1: Ball
2-1: Foul Ball, location: 2F
2-2: Foul Ball, location: 2F
2-2: Ball
3-2: Foul Ball, location: 2F
3-2: 3-RUN HOME RUN (Flyball, 7LD), Distance : 334 ft
Batting: RHB Zachary Gadsden 0-0: Called Strike
0-1: Called Strike
0-2: Reached on error, E6 (Groundball, 6)
Batting: LHB Juan Vásquez 0-0: Foul Ball, location: 2F
0-1: Ball
1-1: Swinging Strike
1-2: Ball
2-2: Strikes out swinging
Batting: SHB José Salazar 0-0: Ball
Zachary Gadsden steals 2nd base
1-0: Called Strike
1-1: Foul Ball, location: 2F
1-2: SINGLE (Groundball, 6) (infield hit)
Zachary Gadsden to third
Batting: RHB José Hernández 0-0: Called Strike
0-1: Fly out, F7 (Flyball, 78D)
Runner from 3rd tags up, SCORES, throw made
Pitching: RHP Scott Roe
Batting: LHB Kyle Robbins 0-0: SINGLE (Groundball, 4M) (infield hit)
José Salazar to second
Batting: LHB Matt Moore 0-0: SINGLE (Groundball, 34D)
José Salazar to third
Kyle Robbins to second
Runner from 3rd tries for Home, SAFE, no throw
Batting: RHB Shane Marshall 0-0: Called Strike
0-1: Ball
1-1: Ball
2-1: Swinging Strike
2-2: Strikes out looking
Bottom of the 8th over - 5 runs, 6 hits, 1 error, 2 left on base; Manhatten 3 - Erie 10
TOP OF THE 9TH
Manhatten Meatheads batting - Pitching for Erie Jaxx : RHP Armando Rodríguez
Batting: LHB Brent Haynes 0-0: Ball
1-0: Called Strike
1-1: Foul Ball, location: 2F
1-2: Ball
2-2: Ball
3-2: Fly out, F8 (Flyball, 8LM)
Batting: RHB Paul French 0-0: Swinging Strike
0-1: Foul Ball, location: 2F
0-2: Strikes out swinging
Batting: RHB Wayne Hanson 0-0: Called Strike
0-1: Ground out 4-3 (Groundball, 4)
Top of the 9th over - 0 runs, 0 hits, 0 errors, 0 left on base; Manhatten 3 - Erie 10
Saturday, April 7th, 2018 - OOTP Baseball 18.8 Build 76